cohdb
Replays
Latest Replays
All Replays
Popular Replays
Top Player Replays
Match Explorer
How It Works
Community
CoH3 Stats
Reddit
Sign in to upload your games and track your stats! →
Sign in with Steam
Match 43394800
Unlisted
Match 43394800
Overview
Messages
Build Orders
End
Pioneer Squad
Construct Infanterie Kompanie
Grenadier Squad
Grenadier Squad
Grenadier Squad
Grenadier Squad
Infanterie Officer Quarters
Construct Luftwaffe Kompanie
Selects Mechanized Battlegroup
Selects Mechanized Battlegroup
Selects Raid Package
221 Scout Car
Jäger Squad
MG 42 Machine Gun Team
Selects StuG Assault Group
StuG Assault Group
StuG Assault Group
Luftwaffe Officer Quarters
Selects Panther Heavy Tank
Pioneer Squad
Pioneer Squad
StuG Assault Group
Selects Mobile Repair Stations
Selects Stoßtruppen Assault Package
Selects Zeroing Artillery Barrage
Panther Heavy Tank
Zeroing Artillery Barrage
Monsieur Nathan
.:PSG:. RedxWings
0
0
Comments
sign in to comment!
No comments posted yet!